 Dungeon Crawl Stone Soup version 0.22-a0-469-gf26638a (webtiles) character file.

142 saradell the Skirmisher (level 5, -1/42 HPs)
             Began as a Demonspawn Berserker on June 13, 2018.
             Was a Believer of Trog.
             Killed by divine providence
             ... invoked by an orc priest
              (9 damage)
             ... on level 2 of the Dungeon.
             The game lasted 00:34:37 (2882 turns).

saradell the Skirmisher (Demonspawn Berserker)      Turns: 2882, Time: 00:34:37

Health: -1/42      AC:  5    Str: 17    XL:     5   Next: 3%
Magic:  5/5        EV: 11    Int:  8    God:    Trog [**....]
Gold:   62         SH:  0    Dex: 14    Spells: 4/4 levels left

rFire    . . .     SeeInvis .   a - +0 hand axe
rCold    . . .     Gourm    .   (no shield)
rNeg     . . .     Faith    .   j - +0 ring mail
rPois    .         Spirit   .   (no helmet)
rElec    .         Reflect  .   (no cloak)
rCorr    .         Harm     .   (no gloves)
MR       .....                  (no boots)
Stlth    ++........             c - amulet of magic regeneration
HPRegen  0.14/turn              (no ring)
MPRegen  0.34/turn              (no ring)

@: no status effects
A: nightstalker 1, powered by pain 1
a: Berserk, Trog's Hand, Renounce Religion


You were on level 2 of the Dungeon.
You worshipped Trog.
Trog was pleased with you.
You were not hungry.

You visited 1 branch of the dungeon, and saw 3 of its levels.

You collected 62 gold pieces.

Inventory:

Hand Weapons
 a - a +0 hand axe (weapon)
 g - a +0 club
 k - a +0 dagger of protection
 p - a +0 flail
Missiles
 h - 31 stones (quivered)
Armour
 d - a +0 leather armour
 e - a +0 ring mail
 j - a +0 ring mail (worn)
Jewellery
 c - an amulet of magic regeneration (around neck)
Scrolls
 m - a scroll of identify
 n - a scroll of enchant weapon {unknown}
Potions
 b - a potion of resistance {unknown}
 f - a potion of degeneration {unknown}
 i - a potion of haste {unknown}
 l - a potion of curing
 o - a potion of heal wounds {unknown}


   Skills:
 + Level 4.0 Fighting
 + Level 0.2 Short Blades
 + Level 3.7 Axes
 + Level 2.2 Armour
 + Level 2.4 Dodging
 + Level 1.0 Stealth


You had 4 spell levels left.
You didn't know any spells.
Your spell library was empty.

Dungeon Overview and Level Annotations

Branches:
Dungeon (3/15)

Altars:
Fedhas
The Shining One


Innate Abilities, Weirdness & Mutations

You are slightly more attuned to the shadows.
You sometimes gain a little power by taking damage.


Message History

* * * LOW HITPOINT WARNING * * *
The orc priest closely misses you.
You feel better. The adder bites you.
* * * LOW HITPOINT WARNING * * *
The orc closely misses you. The orc priest closely misses you.
The orc wizard hits you but does no damage.
The adder barely misses you.
You hit the orc priest but do no damage.
The orc priest is moderately wounded.
You hit the orc but do no damage. You hit the adder. You hit the orc wizard.
The orc hits you with a club.
* * * LOW HITPOINT WARNING * * *
The orc priest looks braver for a moment.
The adder bites you but does no damage.
The orc wizard hits you but does no damage.
The orc closely misses you. The adder barely misses you.
The orc wizard closely misses you.
The orc priest calls down the wrath of Beogh upon you.
Beogh smites you!
You die...

#####....# #..#.#....#
##........# #.###.###..#
#...##(...# #..#.#.....## ♣
.......#..#####....#.##...#
♣♣
.###.#.........(...#.##...###
♣. .#
#....#########...........#
♣♣. .###.#### #.#.........#
♣.. .....#
########o#.#.......# ♣.♣
###### #.....o@S..#.......#
♣♣♣ # #.######o..........# #
###.######.###.......#
########.......[...........##
.........#.######.........##
##########.## ##.#######.#
##.#.####..# #.# #.###÷.....#
#.####### ###### ##.#.####.##
#........


You could see an orc priest, an orc wizard, an adder and an orc.

Vanquished Creatures
  A centaur skeleton (D:2)
  A worker ant (D:2)
  3 adders (D:2)
  An ooze (D:1)
  A dart slug (D:2)
  3 leopard geckos
  3 orcs (D:2)
  7 goblins
  6 hobgoblins
  2 jackals (D:2)
  9 bats
  5 frilled lizards
  6 kobolds
  3 rats
51 creatures vanquished.

Notes
Turn   | Place    | Note
-------+----------+-------------------------------------------
     0 | D:1      | saradell the Demonspawn Berserker began the quest for the Orb.
     0 | D:1      | Reached XP level 1. HP: 18/18 MP: 1/1
   264 | D:1      | Gained mutation: You sometimes gain a little power by taking damage. [demonic ancestry]
   264 | D:1      | Reached XP level 2. HP: 12/24 MP: 2/2
  1185 | D:1      | Reached XP level 3. HP: 25/29 MP: 3/3
  1617 | D:2      | Reached ** piety under Trog
  1943 | D:2      | Found a blossoming altar of Fedhas.
  2054 | D:2      | Gained mutation: You are slightly more attuned to the shadows. [demonic ancestry]
  2054 | D:2      | Reached XP level 4. HP: 29/37 MP: 4/4
  2082 | D:2      | Reached skill level 1 in Stealth
  2101 | D:2      | Reached skill level 4 in Fighting
  2397 | D:2      | Found a glowing golden altar of the Shining One.
  2722 | D:2      | Reached XP level 5. HP: 22/42 MP: 5/5
  2882 | D:2      | Killed from afar by an orc priest

Vault maps used:
D:1:      lightli_arrival_statuegarden
D:2:      fedhas_altar_fruit_tree, nicolae_tso_swordbearing_angel,
          minmay_misc_feat_square
D:3:      uniq_natasha

Skill      XL: |  1  2  3  4 |
---------------+-------------+-----
Axes           | 3 |  3.7
Dodging        | 2 |  2.4
Armour         | 2 |  2.2
Stealth        | 1 |  1.0
Fighting       | 4 |  4.0
Short Blades   | |  0.2

Action                   |  1- 3 |  4- 6 || total
-------------------------+-------+-------++-------
Melee: Hand axe          |   120 |    58 ||   178
       Dagger            |    48 |       ||    48
  Use: Potion            |     1 |     5 ||     6
       Scroll            |       |     1 ||     1
 Stab: Sleeping          |       |     1 ||     1
  Eat: Ration            |     1 |     1 ||     2
Armor: Animal skin       |    26 |       ||    26
       Ring mail         |    39 |    31 ||    70
Dodge: Dodged            |   116 |    71 ||   187

Table legend:
 A = Spawn XP
 B = Non-spawn XP
 C = Spawn XP percentage of total XP
 D = Spawn monster count
 E = Non-spawn monster count
 F = Spawn count percentage of total count
 G = Total turns spent on level
                    A         B        C        D         E        F      G
               +---------+---------+-------+---------+---------+-------+---------
         Total |       0 |     203 |   0.0 |       0 |      51 |   0.0 |  2882
               +---------+---------+-------+---------+---------+-------+---------
           D:1 |       0 |      43 |   0.0 |       0 |      22 |   0.0 |  1484
           D:2 |       0 |     160 |   0.0 |       0 |      29 |   0.0 |  1383
               +---------+---------+-------+---------+---------+-------+---------
